Map: Apotheosis LE

Players

LiquidMaNa (MaNa)

  • Race: Protoss Protoss
  • League: Master

Reynor - Winner!

  • Race: Zerg Zerg
  • League: Master

Event: DreamHack ZOWIE Open Valencia 2016

VOD

Have the link to the VOD?

Description

Time

  • Played on: July 14, 2016, 1:43 p.m.
  • Length: 9:07

All games in this series

Show
View Real Time Build Order
Export as new Build Order

LiquidMaNa Protoss 

Build Orders: 1 Gate Expand, Phoenix Opening 

Get SALT Encoding   

  12  0:00  Probe (Chrono Boost)  
  13  0:11  Probe (Chrono Boost)  
  14  0:20  Pylon  
  14  0:22  Probe (Chrono Boost)  
  15  0:38  Probe (Chrono Boost)  
  16  0:44  Gateway  
  16  0:49  Probe (Chrono Boost)  
  17  0:50  Assimilator  
  17  1:00  Probe (Chrono Boost)  
  18  1:10  Probe (Chrono Boost)  
  19  1:24  Nexus  
  19  1:34  Cybernetics Core  
  19  1:37  Probe (Chrono Boost)  
  20  1:44  Assimilator  
  20  1:47  Probe (Chrono Boost)  
  20  1:53  Pylon  
  21  1:58  Probe (Chrono Boost)  
  22  2:08  Adept  
  22  2:10  Probe (Chrono Boost)  
  22  2:11  Warp Gate  
  25  2:22  Probe (Chrono Boost)  
  26  2:32  Stargate  
  26  2:34  Probe (Chrono Boost)  
  27  2:37  Probe (Chrono Boost)  
  27  2:38  Adept  
  30  2:44  Probe (Chrono Boost)  
  30  2:49  Probe (Chrono Boost)  
  32  2:56  Mothership Core (Chrono Boost)  
  34  3:00  Probe (Chrono Boost)  
  35  3:11  Probe (Chrono Boost), Gateway  
  36  3:13  Phoenix  
  36  3:15  Probe (Chrono Boost)  
  39  3:22  Probe (Chrono Boost)  
  41  3:27  Probe (Chrono Boost)  
  41  3:29  Gateway  
  41  3:32  Probe (Chrono Boost)  
  42  3:35  Phoenix  
  42  3:41  Probe (Chrono Boost)  
  45  3:43  Probe (Chrono Boost)  
  45  3:46  Pylon  
  46  4:00  Phoenix  
  46  4:04  Probe (Chrono Boost)  
  46  4:05  Probe (Chrono Boost)  
  46  4:09  Assimilator  
  50  4:14  Probe (Chrono Boost)  
  52  4:18  Probe (Chrono Boost)  
  50  4:25  Probe (Chrono Boost)  
  50  4:26  Adept  
  50  4:30  Probe (Chrono Boost)  
  52  4:46  Gateway x2  
  52  4:52  Twilight Council  
  45  5:03  Probe (Chrono Boost)  
  46  5:09  Pylon  
  46  5:15  Resonating Glaives  
  46  5:16  Pylon  
  46  5:21  Probe (Chrono Boost)  
  45  5:28  Adept  
  47  5:35  Probe x2 (Chrono Boost)  
  47  5:43  Adept x2  
  47  5:44  Adept  
  47  5:47  Probe x2 (Chrono Boost)  
  55  5:52  Phoenix  
  57  5:59  Probe x2 (Chrono Boost)  
  59  6:08  Assimilator  
  61  6:11  Probe x2 (Chrono Boost)  
  61  6:15  Robotics Facility  
  61  6:23  Probe (Chrono Boost)  
  61  6:25  Pylon  
  62  6:26  Pylon  
  62  6:38  Pylon  
  62  6:41  Probe x2 (Chrono Boost)  
  62  6:43  Pylon  
  62  6:46  Phoenix  
  62  6:49  Nexus  
  62  6:53  Probe x2 (Chrono Boost)  
  66  6:54  Sentry x2  
  66  7:00  Pylon  
  66  7:01  Pylon, Warp Prism  
  70  7:06  Probe x2 (Chrono Boost)  
  74  7:11  Adept x2  
  78  7:17  Pylon  
  78  7:23  Robotics Facility  
  78  7:33  Pylon  
  78  7:34  Probe x2 (Chrono Boost)  
  80  7:42  Adept  
  80  7:43  Adept  
  80  7:44  Immortal  
  84  7:46  Probe x2 (Chrono Boost)  
  90  7:53  Sentry  
  90  7:54  Sentry  
  94  8:07  Probe (Chrono Boost)  
  94  8:09  Stalker x3, Probe x2 (Chrono Boost)  
  95  8:37  Adept x3  
  95  8:38  Adept  
  96  8:59  Pylon  
  96  9:00  Pylon  
  96  9:02  Pylon  
Show
View Real Time Build Order
Export as new Build Order

Reynor Zerg - Winner!

Build Orders: Hatch First 

Get SALT Encoding   

  12  0:01  Drone  
  13  0:12  Overlord  
  13  0:17  Drone  
  14  0:22  Extractor  
  14  0:23  Drone  
  15  0:30  Drone  
  16  0:50  Hatchery  
  16  0:53  Drone  
  16  0:56  Drone  
  17  1:03  Extractor  
  17  1:04  Drone  
  17  1:06  Drone  
  18  1:22  Spawning Pool  
  18  1:23  Drone  
  18  1:30  Drone  
  19  1:38  Drone  
  20  1:49  Overlord  
  20  2:00  Drone  
  21  2:02  Drone  
  22  2:08  Queen x2  
  22  2:11  Metabolic Boost  
  22  2:15  Zergling x2  
  27  2:18  Drone  
  27  2:21  Zergling x2  
  29  2:23  Drone  
  30  2:32  Zergling x2  
  30  2:35  Zergling x2, Evolution Chamber  
  32  2:44  Drone  
  32  2:47  Zergling x2  
  33  2:56  Zergling x2, Hatchery  
  33  2:57  Zergling x2  
  34  3:05  Drone  
  34  3:06  Overlord  
  35  3:18  Overlord  
  35  3:22  Drone  
  35  3:26  Zergling x2, Drone  
  38  3:27  Drone x2  
  38  3:29  Drone  
  38  3:32  Drone  
  42  3:35  Overlord  
  42  3:45  Drone x2  
  44  3:49  Overlord  
  44  3:50  Zergling x4, Drone  
  44  3:51  Drone  
  44  3:55  Queen  
  50  3:59  Overlord  
  50  4:01  Zergling x2  
  51  4:03  Zergling x2  
  51  4:09  Zergling x2  
  53  4:11  Zergling x2, Drone  
  55  4:18  Zergling x2  
  55  4:19  Drone  
  55  4:21  Drone  
  55  4:23  Zergling x2, Drone x2  
  55  4:24  Drone x2, Overlord  
  63  4:34  Overlord  
  63  4:35  Drone x2  
  62  4:40  Drone  
  62  4:42  Drone  
  62  4:44  Zergling x2  
  62  4:49  Queen  
  62  4:52  Drone x2  
  66  4:54  Zergling x2  
  65  5:00  Zergling x2  
  65  5:02  Zergling x2, Drone  
  65  5:03  Drone x2, Overlord  
  65  5:06  Lair  
  69  5:08  Zergling x2  
  69  5:09  Drone  
  69  5:11  Queen  
  69  5:12  Drone  
  72  5:14  Drone, Extractor  
  72  5:16  Extractor  
  72  5:17  Zergling x2  
  72  5:18  Zergling x4  
  72  5:19  Zergling x2  
  74  5:21  Overlord  
  74  5:24  Drone  
  74  5:28  Zergling x2  
  75  5:33  Drone  
  75  5:34  Extractor  
  75  5:35  Roach Warren  
  72  5:36  Drone x2  
  72  5:37  Zergling x2  
  72  5:39  Drone x2  
  72  5:41  Drone x3  
  78  5:45  Overlord  
  78  5:46  Drone x2  
  78  5:49  Drone x2  
  81  5:50  Queen x2  
  81  5:51  Extractor  
  81  5:54  Overlord  
  84  6:04  Drone  
  84  6:05  Spore Crawler, Queen  
  84  6:06  Hydralisk Den  
  84  6:09  Drone x5  
  90  6:12  Spore Crawler  
  90  6:14  Overlord  
  89  6:22  Zergling x2  
  89  6:23  Zergling x16  
  98  6:30  Extractor  
  97  6:33  Overlord  
  97  6:34  Drone x3  
  97  6:35  Drone x2  
  97  6:38  Drone  
  97  6:39  Drone  
  104  6:40  Overlord  
  104  6:46  Overlord  
  103  6:51  Zerg Missile Weapons Level 1, Hydralisk  
  103  6:52  Hydralisk x3  
  111  6:54  Hydralisk  
  111  6:57  Glial Reconstitution  
  111  6:58  Overlord  
  111  6:59  Roach  
  117  7:01  Roach  
  117  7:08  Roach x2  
  121  7:12  Roach x3  
  121  7:13  Hydralisk  
  129  7:18  Overlord  
  129  7:19  Hydralisk x2  
  129  7:21  Hydralisk  
  135  7:23  Overlord  
  135  7:26  Hydralisk  
  137  7:32  Overlord  
  137  7:39  Hydralisk  
  137  7:40  Hydralisk x2  
  137  7:42  Hydralisk x4  
  148  7:47  Overlord  
  148  7:49  Hydralisk x2  
  154  7:51  Roach  
  154  7:53  Hydralisk  
  154  7:57  Hydralisk  
  157  8:00  Hydralisk x3  
  157  8:04  Hydralisk  
  160  8:07  Hydralisk  
  160  8:12  Hydralisk x3  
  166  8:16  Hydralisk  
  166  8:18  Roach x2  
  166  8:19  Hydralisk  
  167  8:23  Hydralisk  
  167  8:25  Hydralisk  
  166  8:28  Roach x2  
  169  8:34  Zergling x2  
  170  8:45  Overlord  
  169  9:00  Hatchery  

Tags
 
Add a new tag
Caveats
  • Supply blocks, unpowered buildings, or Contaminate may cause inaccurate times.
  • Supply counts are checked every 10 seconds.